 Dungeon Crawl Stone Soup version 0.31-a0-236-g9a0961fb85 (webtiles) character file.

Game seed: 16383085085690884926

224 qw the Shooter (level 6, -3/37 HPs)
             Began as a Gargoyle Hexslinger on July 10, 2023.
             Slain by a goblin
             ... wielding a +0 club
             ... led by Robin
              (5 damage)
             ... on level 4 of the Dungeon.
             The game lasted 00:00:53 (2504 turns).

qw the Shooter (Gargoyle Hexslinger)                Turns: 2504, Time: 00:00:53

Health: -3/37      AC:  9    Str:  8 (11) XL:     6   Next: 0%
Magic:  7/7        EV: 10    Int: 13 (14) God:
Gold:   117        SH:  0    Dex: 19 (20) Spells: 6/7 levels left

rFire   . . .        Y - +2 sling
rCold   . . .        (no shield)
rNeg    + . .        e - +0 ring mail
rPois   inf          (no helmet)
rElec   +            (no cloak)
rCorr   .            (no gloves)
SInv    .            (no boots)
Will    .....        i - amulet of regeneration
Stlth   +            g - +6 ring of dexterity
HPRegen 1.06/turn    (no ring)
MPRegen 0.10/turn

%: no passive effects
@: about to teleport
A: sickness immunity, AC +4, negative energy resistance 1, electricity
resistance, torment resistance 1, petrification resistance
a: no special abilities


You were on level 4 of the Dungeon.
You visited 1 branch of the dungeon, and saw 4 of its levels.

You collected 117 gold pieces.


Innate Abilities, Weirdness & Mutations

You are immune to sickness and miasma.
Your stone body is resilient. (AC +4)
You are immune to poison.
You resist negative energy. (rN+)
You are resistant to electric shocks. (rElec)
You are resistant to unholy torment.
You are immune to petrification.


   Skills:
 - Level 3.1 Fighting
 + Level 5.2 Ranged Weapons
 - Level 1.0 Armour
 - Level 1.5 Dodging
 - Level 1.0 Spellcasting
 - Level 2.6 Hexes


You had 6 spell levels left.
You knew the following spells:

 Your Spells              Type           Power      Damage    Failure   Level
a - Slow                  Hex            28%        N/A       28%         1

Your spell library contained the following spells:

 Spells                   Type           Power      Damage    Failure   Level
 Inner Flame              Hex/Fire       4%         N/A       83%         3
 Portal Projectile        Hex/Tloc       8%         N/A       83%         3
 Cause Fear               Hex            3%         N/A       96%         4

Inventory:

Hand Weapons
 Y - a +2 sling (weapon)
Armour
 e - a +0 ring mail (worn)
Jewellery
 g - a +6 ring of dexterity (left hand)
 i - an amulet of regeneration (around neck)
Scrolls
 a - a scroll of identify
 f - 2 scrolls of teleportation
Potions
 b - a potion of curing
 c - a potion of mutation {unknown}
 d - a potion of brilliance {unknown}
 h - a potion of ambrosia {unknown}
 k - a potion of enlightenment {unknown}

Dungeon Overview and Level Annotations

Branches:
Dungeon (4/15)
 Temple: D:4-7

Altars:
Dithmenos
Zin

Annotations:
D:4 Robin


Message History

Robin is moderately wounded.
The goblin hits you but does no damage. x2; The goblin barely misses you.
The goblin hits you with a +0 club. The goblin barely misses you.
You shoot a sling bullet.
The sling bullet barely misses the adder.
The sling bullet hits the goblin.
You kill the goblin!
The goblin barely misses you. The goblin hits you with a +0 club.
The goblin closely misses you.
The goblin hits you but does no damage. x2
The adder bites you but does no damage.
You shoot a sling bullet.
The sling bullet hits the adder but does no damage.
The adder is severely wounded.
The adder bites you but does no damage. The goblin closely misses you.
The goblin hits you but does no damage. x3; The goblin closely misses you.
The adder barely misses you.
The goblin hits you but does no damage. x2
The goblin hits you with a +0 club. The goblin barely misses you.
The goblin hits you but does no damage.
You shoot a sling bullet. The sling bullet misses the adder.
The sling bullet hits the goblin.
The goblin is heavily wounded.
The goblin no longer looks unusually strong.
The adder misses you. The goblin barely misses you. x2
The goblin hits you but does no damage. The goblin closely misses you.
The goblin hits you with a +0 club.
You shoot a sling bullet. The sling bullet hits the adder!
You kill the adder!
The goblin barely misses you. Robin throws the goblin at you!
The goblin barely misses you. The goblin hits you with a +0 club.
The goblin barely misses you. x2; The goblin hits you but does no damage.
Your Fighting skill increases to level 3!
You have reached level 6!
2504 ||| READING 3 scrolls of teleportation.
As you read the scroll of teleportation, it crumbles to dust.
You feel strangely unstable.
The goblin no longer looks unusually strong.
The goblin hits you with a +0 club. The goblin barely misses you.
The goblin hits you but does no damage. The goblin closely misses you. x2
The goblin hits you with a +0 club.
You die...

...#.###.....##
#.##..)).....#
#.##########.# #.##
##+## ...# ##...## ...#
##.....## . ...##
##.......## ...
#...####....>..gg##.....
.......'.......g@gBg....
#...####.......gg####...
##.## ##.......## ###
##.....## ##...## ##+##


You could see Robin, a giant cockroach and 6 goblins.

Vanquished Creatures
  A scorpion (D:3)
  2 jellies
  5 adders
  2 dart slugs (D:2)
  A ball python (D:2)
  5 endoplasms
  2 giant cockroaches (D:2)
  4 hobgoblins
  2 jackals (D:1)
  6 kobolds
  4 quokkas
  7 bats
  2 frilled lizards (D:1)
  10 goblins
  4 rats
57 creatures vanquished.

Notes
Turn   | Place    | Note
-------+----------+-------------------------------------------
     0 | D:1      | qw the Gargoyle Hexslinger began the quest for the Orb.
     0 | D:1      | Reached XP level 1. HP: 12/12 MP: 2/2
     0 | D:1      | 0 ||| qw: Version: 0.3-a-51-g015441d
     0 | D:1      | 0 ||| qw: Game counter: 4510
     0 | D:1      | 0 ||| qw: Melee chars always use a shield: true
     0 | D:1      | 0 ||| qw: God list: Okawaru
     0 | D:1      | 0 ||| qw: Allow faded altars: false
     0 | D:1      | 0 ||| qw: Do Orc after clearing Dungeon:15 true
     0 | D:1      | 0 ||| qw: Do second Lair branch before Depths: true
     0 | D:1      | 0 ||| qw: Lair rune preference: random
     0 | D:1      | 0 ||| qw: Goals: Normal
     0 | D:1      | 0 ||| PLANNING D:1-11
   150 | D:1      | Reached XP level 2. HP: 16/16 MP: 3/3
   214 | D:1      | Reached skill level 3 in Ranged Weapons
   704 | D:1      | 704 ||| UPGRADING to +0 ring mail.
   714 | D:1      | 714 ||| DROPPING +0 robe.
   715 | D:1      | 715 ||| UPGRADING to amulet of regeneration.
   720 | D:1      | 720 ||| DROPPING ring of magical power.
   721 | D:1      | 721 ||| READING scroll labelled ILOYNN GOWNAYLOEM.
   722 | D:1      | 722 ||| READING scroll labelled OJYS GIGOTOR.
   723 | D:1      | 723 ||| READING scroll labelled WYZ UZUNLAIXA.
   724 | D:1      | 724 ||| READING scroll labelled UKLIKHL YJITO.
   729 | D:1      | 729 ||| DROPPING scroll of poison.
   759 | D:2      | Reached XP level 3. HP: 21/21 MP: 4/4
   957 | D:2      | Found a faded altar of an unknown god.
  1328 | D:2      | Reached XP level 4. HP: 26/26 MP: 5/5
  1495 | D:2      | 1495 ||| READING scroll labelled NOENEFRI FEIGUE.
  1496 | D:2      | 1496 ||| READING scroll labelled EGIECU UCRONER.
  1597 | D:2      | 1597 ||| READING 2 scrolls of identify.
  1597 | D:2      | 1597 ||| IDENTIFYING red potion
  1618 | D:3      | Found a shadowy altar of Dithmenos.
  1649 | D:3      | Reached skill level 4 in Ranged Weapons
  1715 | D:3      | Reached skill level 1 in Armour
  1774 | D:3      | Noticed a scorpion
  1788 | D:3      | Killed a scorpion
  1789 | D:3      | Reached XP level 5. HP: 30/30 MP: 6/6
  1978 | D:3      | Reached skill level 5 in Ranged Weapons
  2026 | D:3      | Found a glowing silver altar of Zin.
  2026 | D:3      | Noticed an angel
  2416 | D:3      | 2416 ||| UPGRADING to +6 ring of dexterity.
  2417 | D:3      | 2417 ||| DROPPING ring of wizardry.
  2418 | D:3      | 2418 ||| READING scroll labelled KYZXE OGGO.
  2419 | D:3      | 2419 ||| READING scroll labelled CAMIJU WISA.
  2420 | D:3      | 2420 ||| DRINKING 3 glowing coppery potions.
  2421 | D:3      | 2421 ||| DROPPING 2 potions of degeneration.
  2491 | D:4      | Noticed Robin
  2503 | D:4      | HP: 7/32 [Robin/goblin (3)]
  2503 | D:4      | HP: 3/32 [goblin/+0 club[Robin] (4)]
  2504 | D:4      | Reached skill level 3 in Fighting
  2504 | D:4      | Reached XP level 6. HP: 4/37 MP: 7/7
  2504 | D:4      | 2504 ||| READING 3 scrolls of teleportation.
  2504 | D:4      | Slain by a goblin

Levels and vault maps discovered:
D:1:      grunt_arrival_crossed_arrows, layout_basic
D:2:      minmay_door_path, layout_basic, dreamdust_ecumenical_altar_statues,
          minmay_bisected
D:3:      layout_basic, zin_angel, nicolae_dithmenos_shadow_blocks
D:4:      layout_loops_corners, chei_slow_surprise, uniq_duvessa, uniq_robin

Skill      XL: |  1  2  3  4  5 |
---------------+----------------+-----
Ranged Weapons | 3 4 5 |  5.2
Fighting       | 2 3 |  3.1
Armour         | 1 |  1.0
Dodging        | |  1.5
Spellcasting   | |  1.0
Hexes          | |  2.6

Action                     |  1- 3 |  4- 6 || total
---------------------------+-------+-------++-------
   Fire: Sling             |    81 |   105 ||   186
    Use: Scroll            |     4 |     6 ||    10
         Potion            |       |     1 ||     1
 Armour: Robe              |     3 |       ||     3
         Ring mail         |    17 |    47 ||    64
  Dodge: Dodged            |    22 |    53 ||    75

Table legend:
 A = Non-vault XP
 B = Vault XP
 C = Vault XP percentage of total XP
 D = Non-vault monster count
 E = Vault monster count
 F = Vault count percentage of total count
                 A         B        C        D         E       F
            +---------+---------+-------+---------+---------+-------
      Total |     282 |      38 |  11.9 |      48 |       9 |  15.8
            +---------+---------+-------+---------+---------+-------
        D:1 |      32 |       0 |   0.0 |      19 |       0 |   0.0
        D:2 |      34 |      17 |  33.3 |      10 |       4 |  28.6
        D:3 |     155 |      13 |   7.7 |      14 |       1 |   6.7
        D:4 |      61 |       8 |  11.6 |       5 |       4 |  44.4
            +---------+---------+-------+---------+---------+-------
